 Dungeon Crawl Stone Soup version 0.24.0-3-g28a8eb0610 (webtiles) character file.

Game seed: 111955397935479063, levelgen mode: deterministic

61787 LostNumber the Thrower (level 15, -5/117 HPs)
             Began as a Gnoll Skald on Oct 31, 2019.
             Was the Champion of Kikubaaqudgha.
             Shot with an arrow by a centaur warrior (8 damage)
             ... while petrified by you
             ... on level 13 of the Dungeon on Nov 1, 2019.
             The game lasted 00:50:00 (21146 turns).

LostNumber the Thrower (Gnoll Skald)               Turns: 21146, Time: 00:50:01

Health: -5/117     AC: 20    Str: 16      XL:     15   Next: 4%
Magic:  27/29      EV:  2    Int: 16 (17) God:    Kikubaaqudgha [******]
Gold:   1514       SH:  0    Dex: 15      Spells: 18/35 levels left

rFire    . . .     SeeInvis .   Q - +6 demon trident (flame)
rCold    . . .     Gourm    .   (no shield)
rNeg     + + +     Faith    .   D - +3 ring mail
rPois    ∞         Spirit   .   m - +1 hat
rElec    .         Reflect  .   J - +2 cloak
rCorr    .         Harm     .   a - +0 pair of gloves
MR       ++...                  (no boots)
Stlth    ++++......             T - amulet of magic regeneration
HPRegen  0.29/turn              F - +2 ring of protection
MPRegen  0.46/turn              l - ring of protection from magic

@: petrified, studying Throwing
A: distributed training, fangs 1, yellow scales 1, deterioration 1, weak 1,
sturdy frame 1, strong nose
a: Receive Corpses, Torment, Brand Weapon With Pain, Receive Necronomicon,
Renounce Religion


You were on level 13 of the Dungeon.
You worshipped Kikubaaqudgha.
Kikubaaqudgha was exalted by your worship.
You were hungry.

You visited 4 branches of the dungeon, and saw 21 of its levels.
You also visited: Ossuary and Volcano.

You collected 1514 gold pieces.

Inventory:

Hand Weapons
 Q - a +6 demon trident of flaming (weapon)
   (You took it off a salamander in a volcano)
Missiles
 z - 2 throwing nets (quivered) {!f}
Armour
 a - a +0 pair of gloves (worn)
   (You found it on level 10 of the Dungeon)
 m - a +1 hat (worn)
   (You found it on level 2 of the Dungeon)
 D - a +3 ring mail (worn)
   (You found it on level 7 of the Dungeon)
 J - a +2 cloak (worn)
   (You found it on level 8 of the Dungeon)
 P - a +2 robe of resistance
   (You took it off Psyche on level 8 of the Dungeon)
Jewellery
 j - an uncursed ring of positive energy
   (You found it on level 1 of the Dungeon)
 l - a ring of protection from magic (right hand)
   (You found it on level 6 of the Dungeon)
 o - the ring "Alla" {*Corrode EV+2 Int+10 Dex+4 SInv}
   (You found it on level 12 of the Dungeon)

   [ring of evasion]

   It affects your evasion (+2).
   It affects your intelligence (+10).
   It affects your dexterity (+4).
   It lets you see invisible.
   It may corrode you when you take damage.
 F - a +2 ring of protection (left hand)
   (You found it on level 9 of the Dungeon)
 T - an amulet of magic regeneration (around neck)
   (You found it on level 5 of the Lair of Beasts)
 W - a cursed -3 ring of evasion {unknown}
   (You found it on level 6 of the Lair of Beasts)
 X - an uncursed ring of resist corrosion {unknown}
   (You found it on level 6 of the Lair of Beasts)
Wands
 c - a wand of disintegration (16)
   (You found it on level 9 of the Dungeon)
 d - a wand of iceblast (3)
   (You found it on level 4 of the Lair of Beasts)
 u - a wand of paralysis (29)
   (You found it on level 7 of the Dungeon)
 v - a wand of digging (14)
   (You found it on level 5 of the Dungeon)
 y - a wand of enslavement (15)
   (You found it on level 4 of the Lair of Beasts)
Scrolls
 f - 5 scrolls of fear
 i - 13 scrolls of remove curse {@r2}
 p - a scroll of magic mapping
 q - 6 scrolls of amnesia
 r - 2 scrolls of holy word
 s - 2 scrolls of immolation {!r}
 C - 5 scrolls of enchant armour
 E - 2 scrolls of blinking
 I - 10 scrolls of teleportation {@r4}
 M - 3 scrolls of fog
Potions
 b - a potion of resistance
 g - 9 potions of curing {@q1}
 h - 2 potions of brilliance
 n - a potion of mutation {!q}
 w - a potion of lignification {!q}
 x - 3 potions of agility
 A - 2 potions of magic
 B - 2 potions of invisibility
 H - 4 potions of might
 K - 3 potions of berserk rage
 L - 4 potions of cancellation
 N - a potion of heal wounds {@q2}
 S - 4 potions of haste {@q3}
 U - 2 potions of ambrosia
Books
 O - a manual of Throwing {!d}
   (You found it on level 8 of the Dungeon)
Comestibles
 e - 36 rations {!d}


   Skills:
 + Level 10.5 Fighting
 + Level 9.5 Short Blades
 + Level 9.5 Long Blades
 + Level 9.5 Axes
 + Level 9.5 Maces & Flails
 + Level 10.5 Polearms
 + Level 9.5 Staves
 + Level 9.5 Slings
 + Level 9.5 Bows
 + Level 9.5 Crossbows
 + Level 12.0 Throwing
 + Level 9.9 Armour
 + Level 10.5 Dodging
 + Level 9.5 Stealth
 + Level 9.5 Shields
 + Level 9.5 Unarmed Combat
 + Level 10.7 Spellcasting
 + Level 8.0 Conjurations
 + Level 8.0 Hexes
 + Level 9.7 Charms
 + Level 8.0 Summonings
 + Level 8.0 Necromancy
 + Level 8.0 Translocations
 + Level 8.0 Transmutations
 + Level 8.0 Fire Magic
 + Level 8.0 Ice Magic
 + Level 8.0 Air Magic
 + Level 8.0 Earth Magic
 + Level 8.0 Poison Magic
 + Level 10.4 Invocations
 + Level 9.5 Evocations


You had 18 spell levels left.
You knew the following spells:

 Your Spells              Type           Power        Failure   Level  Hunger
a - Infusion              Chrm           ####         1%          1    None
d - Tukima's Dance        Hex            ####....     1%          3    None
e - Regeneration          Chrm/Necr      #####.....   1%          3    None
f - Borgnjor's Vile Clut  Necr/Erth      ####......   11%         5    #####..
q - Shroud of Golubria    Chrm/Tloc      #####.       1%          2    None
t - Spectral Weapon       Hex/Chrm       #####...     1%          3    None

Your spell library contained the following spells:

 Spells                   Type           Power        Failure   Level  Hunger
 Animate Skeleton         Necr           N/A          1%          1    None
 Apportation              Tloc           ####..       1%          1    None
 Beastly Appendage        Tmut           ####..       1%          1    None
 Confusing Touch          Hex            ####..       1%          1    None
 Flame Tongue             Conj/Fire      ####.        1%          1    None
 Freeze                   Ice            ####         1%          1    None
 Magic Dart               Conj           ####         1%          1    None
 Pain                     Necr           ####         1%          1    None
 Shock                    Conj/Air       ####         1%          1    None
 Summon Butterflies       Summ           ####....     1%          1    None
 Ensorcelled Hibernation  Hex/Ice        ####..       1%          2    None
 Passwall                 Tmut/Erth      ####....     1%          2    None
 Searing Ray              Conj           ####..       1%          2    None
 Song of Slaying          Chrm           #####...     1%          2    None
 Sticks to Snakes         Tmut           ####....     1%          2    None
 Sublimation of Blood     Necr           ####......   1%          2    None
 Swiftness                Chrm/Air       #####...     1%          2    None
 Throw Flame              Conj/Fire      ####..       1%          2    None
 Throw Frost              Conj/Ice       ####..       1%          2    None
 Confuse                  Hex            ####....     1%          3    None
 Conjure Flame            Conj/Fire      ####....     1%          3    None
 Dazzling Spray           Conj/Hex       ####..       1%          3    None
 Gell's Gravitas          Tloc           ####......   1%          3    None
 Inner Flame              Hex/Fire       ####....     1%          3    None
 Lesser Beckoning         Tloc           ####......   1%          3    None
 Ozocubu's Armour         Chrm/Ice       #####...     1%          3    None
 Portal Projectile        Hex/Tloc       ####..       1%          3    None
 Spider Form              Tmut/Pois      ####......   1%          3    None
 Static Discharge         Conj/Air       ####....     1%          3    None
 Airstrike                Air            ####......   4%          4    ###....
 Force Lance              Conj/Tloc      ####....     4%          4    ###....
 Fulminant Prism          Conj/Hex       ####......   4%          4    ###....
 Ice Form                 Ice/Tmut       ####....     4%          4    ###....
 Iskenderun's Mystic Bla  Conj           ####....     4%          4    ###....
 Passage of Golubria      Tloc           N/A          4%          4    ###....
 Petrify                  Tmut/Erth      ####....     4%          4    ###....
 Sticky Flame             Conj/Fire      ####....     4%          4    ###....
 Summon Ice Beast         Ice/Summ       ####....     4%          4    ###....
 Throw Icicle             Conj/Ice       ####....     4%          4    ###....
 Excruciating Wounds      Chrm/Necr      #####.....   8%          5    #####..
 Alistair's Intoxication  Tmut/Pois      ####....     11%         5    #####..
 Blade Hands              Tmut           ####......   11%         5    #####..
 Bolt of Draining         Conj/Necr      ####......   11%         5    #####..
 Dispel Undead            Necr           ####....     11%         5    #####..
 Fireball                 Conj/Fire      ####......   11%         5    #####..
 Lee's Rapid Deconstruct  Erth           ####......   11%         5    #####..
 Lightning Bolt           Conj/Air       ####......   11%         5    #####..
 Metabolic Englaciation   Hex/Ice        ####......   11%         5    #####..
 Silence                  Hex/Air        ####......   11%         5    #####..
 Yara's Violent Unravell  Hex/Tmut       ####......   11%         5    #####..
 Darkness                 Hex            ####......   52%         6    ######.
 Dispersal                Tloc           ####......   52%         6    ######.
 Invisibility             Hex            ####....     52%         6    ######.
 Shadow Creatures         Summ           N/A          52%         6    ######.
 Simulacrum               Ice/Necr       ####......   52%         6    ######.
 Controlled Blink         Tloc           N/A          100%        8    #######
 Disjunction              Tloc           ####......   100%        8    #######


Dungeon Overview and Level Annotations

Branches:
Dungeon (13/15)            Temple (1/1) D:5            Lair (6/6) D:10
  Swamp (0/4) Lair:3       Spider (0/4) Lair:4        Slime (0/5) Lair:5
    Orc (1/2) D:12        Ossuary (visited)         Volcano (visited)
 Vaults: D:13-14

Altars:
Ashenzari
Fedhas
Gozag
Hepliaklqana
Kikubaaqudgha
Qazlal
Ru
Uskayaw
Wu Jian
Zin
The Shining One
Jiyva

Annotations:
D:10 exclusion: ice statue


Innate Abilities, Weirdness & Mutations

Your experience applies equally to all skills.
You have very sharp teeth.
Your uncanny sense of smell can sniff out nearby items.
You are partially covered in yellow scales. (AC +2)
Your body sometimes deteriorates upon taking damage.
You are weak. (Str -2)
Your movements are slightly less encumbered by armour. (ER -2)


Message History

Found an escape hatch in the ceiling.
You see here 4 arrows.
The centaur warrior unwields a +0 shortbow.
The centaur warrior barely misses you.
The centaur warrior hits you but does no damage.
Your limbs are stiffening.
Unknown command.
The centaur warrior wields a +0 shortbow.
The centaur warrior shoots an arrow.
The arrow hits you but does no damage.
The centaur is engulfed in calcifying dust.
The centaur is moving more slowly.
The centaur warrior shoots an arrow.
The arrow hits you!
* * * LOW HITPOINT WARNING * * *
You have turned to stone.
The orc hits you but does no damage.
The centaur warrior shoots an arrow.
The arrow hits you!
* * * LOW HITPOINT WARNING * * *
The centaur unwields a +0 shortbow.
The centaur barely misses you. The orc hits you but does no damage.
The catoblepas breathes a plume of calcifying dust at you.
The blast of calcifying dust hits the centaur!
The centaur dies!
The blast of calcifying dust hits you!
* * * LOW HITPOINT WARNING * * *
You are engulfed in calcifying dust.
The centaur warrior shoots an arrow.
The arrow hits you but does no damage.
The orc wizard casts a spell.
The orc wizard seems to speed up.
The orc hits you but does no damage.
The centaur warrior shoots an arrow.
The arrow hits you but does no damage.
You are engulfed in calcifying dust.
The orc hits you but does no damage.
The centaur warrior shoots an arrow.
The arrow hits you.
* * * LOW HITPOINT WARNING * * *
The catoblepas gores you!
* * * LOW HITPOINT WARNING * * *
You are engulfed in calcifying dust.
The centaur warrior shoots an arrow.
The arrow hits you.
* * * LOW HITPOINT WARNING * * *
The orc hits you but does no damage.
The catoblepas gores you but does no damage.
The centaur warrior shoots an arrow.
The arrow hits you!
* * * LOW HITPOINT WARNING * * *
The orc hits you but does no damage.
The centaur warrior shoots an arrow.
The arrow hits you!
* * * LOW HITPOINT WARNING * * *
The catoblepas gores you!
* * * LOW HITPOINT WARNING * * *
The orc hits you but does no damage.
The centaur warrior shoots an arrow.
The arrow hits you!
You die...
Kikubaaqudgha rasps: "You have failed me!
Welcome... oblivion!"

#.#...).....#
..#.#.###.#######
#.#.# #........ #.#.#
#<####### # #.#.#
#.#########.
#.##.#.###.#.........
##......c((...........
..<.....Yo(e.#..#####.
####.#@##.(###.# ∆
#...o.)(###.#
#######)o##.# ∆∆
#))|..# ∆∆∆ #.(...#
#.....# ##.##.########
#.##.....c...
#..(.(o.#####


You could see a catoblepas, a centaur warrior, a deep elf mage (petrified), an
orc warrior (petrified), an orc wizard and an orc.

Vanquished Creatures
  Jorgrun (D:13)
  A dire elephant (Lair:6)
  6 hydras
  4 two-headed ogres
  A merfolk avatar (Lair:6)
  6 death yaks (Lair:5)
  A tengu warrior (D:10)
  Sonja (D:13)
  A sea snake (Lair:6)
  A salamander (Volcano)
  2 harpies (Lair:6)
  An ugly thing (D:12)
  A cyclops (D:7)
  A manticore (D:9)
  20 elephants
  A centaur zombie (D:10)
  9 black mambas
  A torpor snail (Lair:6)
  11 spiny frogs
  Psyche (D:8)
  A gargoyle (D:9)
  2 efreet
  12 komodo dragons
  6 rime drakes
  A tengu conjurer (D:13)
  A troll (D:12)
  4 polar bears
  2 wind drakes (Lair:6)
  2 bog bodies (Lair:3)
  4 blink frogs (Lair:6)
  6 dream sheep (Lair:5)
  12 hippogriffs
  A wraith (D:11)
  Sigmund (D:2)
  2 redbacks (Lair:4)
  2 spriggans
  A fire bat (Volcano)
  36 yaks
  7 wyverns
  Eustachio (D:4)
  3 basilisks
  12 water moccasins
  8 porcupines
  4 ice beasts
  7 orc warriors
  2 sky beasts
  5 black bears
  3 phantoms
  An eye of draining (shapeshifter) (D:11)
  A necrophage (D:8)
  A hornet zombie (D:10)
  2 eyes of draining (D:10)
  7 ogres
  16 wolves
  7 centaurs
  9 crocodiles
  3 big kobolds
  12 bullfrogs
  3 water moccasin zombies (Ossuary)
  2 wyvern skeletons
  A wyvern zombie (D:12)
  5 scorpions
  5 howler monkeys
  4 crimson imps
  A hound (D:8)
  3 jellies
  2 centaur skeletons
  7 orc priests
  3 bullfrog skeletons
  12 orc wizards
  Crazy Yiuf (D:4)
  Natasha (twice) (D:4)
  2 iguanas
  6 hell rats (Lair:5)
  10 worker ants
  2 big kobold zombies (Ossuary)
  3 hound zombies
  A hound skeleton (D:10)
  2 mummies (Ossuary)
  2 worker ant zombies
  11 gnolls
  12 adders
  2 oozes (D:3)
  2 adder skeletons
  4 adder zombies
  7 worms
  4 dart slugs
  9 leopard geckos
  53 orcs
  3 ball pythons
  14 bats
  A giant cockroach (D:2)
  10 hobgoblins
  10 jackals
  9 quokkas
  5 frilled lizards
  A giant cockroach zombie (D:5)
  5 gnoll zombies (Ossuary)
  10 goblins
  6 hobgoblin zombies (Ossuary)
  2 jackal zombies
  23 kobolds
  6 kobold zombies (Ossuary)
  3 leopard gecko skeletons
  4 orc zombies (Ossuary)
  7 rats
  A fungus (Lair:6)
581 creatures vanquished.

Vanquished Creatures (others)
  A two-headed ogre (Volcano)
  3 centaurs
  A bush (Lair:6)
  18 fungi
  42 plants
  23 spectral weapons
88 creatures vanquished.

Grand Total: 669 creatures vanquished

Notes
Turn   | Place    | Note
-------+----------+-------------------------------------------
     0 | D:1      | LostNumber the Gnoll Skald began the quest for the Orb.
     0 | D:1      | Reached XP level 1. HP: 20/20 MP: 6/6
   155 | D:1      | Reached XP level 2. HP: 23/26 MP: 7/7
   483 | D:1      | Reached XP level 3. HP: 30/31 MP: 9/9
   759 | D:1      | Learned a level 2 spell: Shroud of Golubria
   763 | D:1      | Learned a level 3 spell: Regeneration
   767 | D:1      | Learned a level 3 spell: Spectral Weapon
   801 | D:2      | Reached skill level 5 in Spellcasting
   814 | D:2      | Reached skill level 1 in Invocations
  1085 | D:2      | Reached skill level 1 in Short Blades
  1085 | D:2      | Reached skill level 1 in Long Blades
  1085 | D:2      | Reached skill level 1 in Axes
  1085 | D:2      | Reached skill level 1 in Maces & Flails
  1085 | D:2      | Reached skill level 1 in Staves
  1085 | D:2      | Reached skill level 1 in Slings
  1085 | D:2      | Reached skill level 1 in Bows
  1085 | D:2      | Reached skill level 1 in Crossbows
  1085 | D:2      | Reached skill level 1 in Throwing
  1085 | D:2      | Reached skill level 1 in Stealth
  1085 | D:2      | Reached skill level 1 in Shields
  1085 | D:2      | Reached skill level 1 in Unarmed Combat
  1085 | D:2      | Reached skill level 1 in Evocations
  1203 | D:2      | Reached XP level 4. HP: 38/38 MP: 11/11
  1258 | D:2      | Noticed Sigmund
  1685 | D:3      | Reached skill level 1 in Conjurations
  1685 | D:3      | Reached skill level 1 in Hexes
  1685 | D:3      | Reached skill level 1 in Summonings
  1685 | D:3      | Reached skill level 1 in Necromancy
  1685 | D:3      | Reached skill level 1 in Translocations
  1685 | D:3      | Reached skill level 1 in Transmutations
  1685 | D:3      | Reached skill level 1 in Fire Magic
  1685 | D:3      | Reached skill level 1 in Ice Magic
  1685 | D:3      | Reached skill level 1 in Air Magic
  1685 | D:3      | Reached skill level 1 in Earth Magic
  1685 | D:3      | Reached skill level 1 in Poison Magic
  1893 | D:3      | Found an opulent altar of Gozag.
  2036 | D:3      | Reached XP level 5. HP: 5/43 MP: 9/12
  2435 | D:3      | Found an ornate altar of the Wu Jian Council.
  2744 | D:4      | Noticed a centaur
  2756 | D:3      | Gained mutation: You are weak. (Str -2) [potion of
                  | mutation]
  2756 | D:3      | Gained mutation: Your body sometimes deteriorates upon
                  | taking damage. [potion of mutation]
  2756 | D:3      | Gained mutation: You are partially covered in yellow
                  | scales. (AC +2) [potion of mutation]
  2756 | D:3      | Gained mutation: Your movements are slightly less
                  | encumbered by armour. (ER -2) [potion of mutation]
  2762 | D:3      | Reached XP level 6. HP: 26/50 MP: 0/13
  3076 | D:4      | Reached skill level 5 in Fighting
  3076 | D:4      | Reached skill level 5 in Polearms
  3076 | D:4      | Reached skill level 5 in Dodging
  3154 | D:2      | Reached skill level 2 in Throwing
  3280 | D:2      | Killed Sigmund
  3280 | D:2      | Reached XP level 7. HP: 56/56 MP: 11/15
  3548 | D:4      | Found a runed translucent door.
  3549 | D:4      | Noticed Crazy Yiuf
  3614 | D:4      | HP: 2/56 [orc priest/+0 war axe (2)]
  3869 | D:4      | Noticed Eustachio
  3896 | D:4      | Killed Eustachio
  3896 | D:4      | Reached XP level 8. HP: 51/63 MP: 5/16
  3912 | D:4      | Noticed Natasha
  3923 | D:4      | Killed Natasha
  3975 | D:4      | Reached skill level 3 in Throwing
  4053 | D:4      | Noticed Natasha
  4058 | D:4      | Killed Natasha
  4346 | D:4      | Killed Crazy Yiuf
  4396 | D:5      | Entered Level 5 of the Dungeon
  4485 | D:5      | Found a stormy altar of Qazlal.
  4605 | D:5      | Reached XP level 9. HP: 53/69 MP: 8/18
  4688 | D:5      | Found a staircase to the Ecumenical Temple.
  4712 | Temple   | Entered the Ecumenical Temple
  4717 | Temple   | Became a worshipper of Kikubaaqudgha
  4953 | D:6      | Reached skill level 4 in Throwing
  5417 | D:6      | Reached skill level 5 in Armour
  5583 | D:7      | Noticed a two-headed ogre
  5596 | D:7      | HP: 3/69 [two-headed ogre/+0 giant spiked club (23)]
  5600 | D:7      | HP: 1/69 [two-headed ogre/+0 giant spiked club (1)]
  5609 | D:7      | HP: 1/69 [two-headed ogre/+0 giant spiked club (1)]
  5610 | D:7      | Killed a two-headed ogre
  5610 | D:7      | Reached * piety under Kikubaaqudgha
  5610 | D:7      | Identified Kikubaaqudgha's Compendium of Dark Rites
                  | (Kikubaaqudgha gifted it to you on level 7 of the Dungeon)
  5610 | D:7      | Received a gift from Kikubaaqudgha
  5610 | D:7      | Reached skill level 5 in Invocations
  6470 | D:7      | Reached XP level 10. HP: 75/77 MP: 20/20
  6752 | D:8      | Reached skill level 5 in Short Blades
  6752 | D:8      | Reached skill level 5 in Long Blades
  6752 | D:8      | Reached skill level 5 in Axes
  6752 | D:8      | Reached skill level 5 in Maces & Flails
  6752 | D:8      | Reached skill level 5 in Staves
  6752 | D:8      | Reached skill level 5 in Slings
  6752 | D:8      | Reached skill level 5 in Bows
  6752 | D:8      | Reached skill level 5 in Crossbows
  6752 | D:8      | Reached skill level 5 in Throwing
  6752 | D:8      | Reached skill level 5 in Stealth
  6752 | D:8      | Reached skill level 5 in Shields
  6752 | D:8      | Reached skill level 5 in Unarmed Combat
  6752 | D:8      | Reached skill level 5 in Evocations
  6808 | D:8      | Noticed Psyche
  6932 | D:8      | Noticed a two-headed ogre
  6934 | D:8      | Found a sand-covered staircase.
  6939 | Ossuary  | Entered an ossuary
  7028 | Ossuary  | Reached ** piety under Kikubaaqudgha
  7507 | D:8      | Noticed a cyclops
  7532 | D:7      | Killed a cyclops
  8012 | D:8      | Killed a two-headed ogre
  8077 | D:8      | Killed Psyche
  8313 | D:9      | Reached XP level 11. HP: 80/84 MP: 22/22
  8450 | D:9      | Reached *** piety under Kikubaaqudgha
  8450 | D:9      | Identified Kikubaaqudgha's Volume of Sinister Magic
                  | (Kikubaaqudgha gifted it to you on level 9 of the Dungeon)
  8450 | D:9      | Received a gift from Kikubaaqudgha
  8464 | D:9      | Reached skill level 6 in Throwing
  8534 | D:9      | Noticed a manticore
  8544 | D:9      | Killed a manticore
  8761 | D:9      | You fall into a shaft and drop 2 floors!
  8919 | D:10     | Entered Level 10 of the Dungeon
  8997 | D:10     | Found a staircase to the Lair.
  9001 | D:10     | Reached skill level 5 in Conjurations
  9001 | D:10     | Reached skill level 5 in Hexes
  9001 | D:10     | Reached skill level 5 in Summonings
  9001 | D:10     | Reached skill level 5 in Necromancy
  9001 | D:10     | Reached skill level 5 in Translocations
  9001 | D:10     | Reached skill level 5 in Transmutations
  9001 | D:10     | Reached skill level 5 in Fire Magic
  9001 | D:10     | Reached skill level 5 in Ice Magic
  9001 | D:10     | Reached skill level 5 in Air Magic
  9001 | D:10     | Reached skill level 5 in Earth Magic
  9001 | D:10     | Reached skill level 5 in Poison Magic
  9037 | D:10     | Noticed a tengu warrior
  9690 | Lair:1   | Entered Level 1 of the Lair of Beasts
  9849 | Lair:1   | Found a dark tunnel.
  9856 | Volcano  | Entered a volcano
  9996 | Volcano  | Noticed a two-headed ogre
  9996 | Volcano  | Noticed a salamander
 10005 | Volcano  | Reached skill level 7 in Throwing
 10007 | Volcano  | Killed a two-headed ogre
 10007 | Volcano  | Reached **** piety under Kikubaaqudgha
 10029 | Volcano  | Killed a salamander
 10151 | Volcano  | Killed a two-headed ogre
 10410 | Lair:1   | Noticed a seven-headed hydra
 10439 | Lair:1   | Killed a seven-headed hydra
 11070 | Lair:2   | Noticed a four-headed hydra
 11093 | Lair:2   | Noticed a four-headed hydra
 11137 | Lair:2   | Reached XP level 12. HP: 66/93 MP: 21/24
 11561 | Lair:2   | Reached skill level 8 in Throwing
 11619 | Lair:2   | Killed a four-headed hydra
 11702 | Lair:2   | Killed a four-headed hydra
 11720 | Lair:2   | Noticed a five-headed hydra
 11734 | Lair:2   | Noticed a six-headed hydra
 12110 | Lair:2   | Killed a six-headed hydra
 12347 | Lair:2   | Killed a five-headed hydra
 12347 | Lair:2   | Reached skill level 9 in Throwing
 12645 | Lair:3   | Reached XP level 13. HP: 59/101 MP: 10/26
 13005 | Lair:3   | Found a staircase to the Swamp.
 13820 | Lair:4   | Reached ***** piety under Kikubaaqudgha
 14017 | Lair:4   | Found a hole to the Spider Nest.
 14270 | Lair:4   | Reached skill level 10 in Throwing
 14878 | Lair:5   | Found a viscous altar of Jiyva.
 14879 | Lair:5   | Found a staircase to the Slime Pits.
 14908 | Lair:5   | You fall into a shaft and drop 1 floor!
 14908 | Lair:6   | Entered Level 6 of the Lair of Beasts
 15053 | Lair:6   | Noticed a dire elephant
 15067 | Lair:6   | Killed a dire elephant
 15521 | Lair:5   | Reached skill level 10 in Spellcasting
 16088 | Lair:5   | Reached XP level 14. HP: 85/109 MP: 23/28
 16117 | Lair:5   | Reached skill level 11 in Throwing
 16444 | Lair:5   | Reached skill level 10 in Fighting
 16444 | Lair:5   | Reached skill level 10 in Polearms
 16444 | Lair:5   | Reached skill level 10 in Dodging
 16695 | Lair:6   | Reached ****** piety under Kikubaaqudgha
 17454 | Lair:6   | Reached skill level 10 in Invocations
 17483 | Lair:6   | Got a pitted halberd
 18818 | D:10     | Upgraded the game from 0.24.0-2-g5b39cebb1c to
                  | 0.24.0-3-g28a8eb0610
 18983 | D:11     | Found a hazy altar of Hepliaklqana.
 19376 | D:11     | Learned a level 3 spell: Tukima's Dance
 19382 | D:11     | Learned a level 5 spell: Borgnjor's Vile Clutch
 19849 | D:12     | Got a scorched silver ring
 19877 | D:12     | Found a staircase to the Orcish Mines.
 20355 | Orc:1    | Entered Level 1 of the Orcish Mines
 20355 | Orc:1    | Noticed an orc warlord
 20613 | D:13     | Noticed Sonja
 20629 | D:13     | Killed Sonja
 20988 | D:13     | Identified the ring "Alla" {*Corrode EV+2 Int+10 Dex+4
                  | SInv} (You found it on level 12 of the Dungeon)
 21089 | D:13     | Noticed Jorgrun
 21129 | D:13     | Killed Jorgrun
 21129 | D:13     | Reached skill level 12 in Throwing
 21129 | D:13     | Reached XP level 15. HP: 65/117 MP: 19/29
 21145 | D:13     | HP: 2/117 [catoblepas (4)]
 21146 | D:13     | Shot with an arrow by a centaur warrior

Levels and vault maps discovered:
D:1:      dpeg_arrival_snail, layout_basic
D:2:      layout_basic, uniq_sigmund
D:3:      minmay_chambers_of_threes, layout_loops_cross,
          lemuel_coloured_pillars_altar,
          nicolae_gozag_cash_rules_everything_around_me
D:4:      layout_cave_pools, uniq_crazy_yiuf_cottage, uniq_natasha,
          uniq_eustachio
D:5:      layout_rooms, minmay_temple_entry_enclosed_plants, first_ration,
          grunt_qazlal_clouds
D:6:      layout_loops_cross
D:7:      layout_basic, the_bakery, roderic_roman_lattice
D:8:      minmay_goldmine, layout_cave_pools, enter_ossuary_2,
          serial_bayou_pond_e, minmay_manual_mess, uniq_psyche
D:9:      layout_loops_corners
D:10:     layout_basic, due_lair_maze_entry_diamond, hangedman_decor_slide_cut,
          minivault_15
D:11:     layout_roguey, basic_altar, minmay_door_square
D:12:     layout_basic, orc_0_dummy
D:13:     layout_loops_ring, david_vaults_4, serial_shops,
          nicolae_shop_behind_doors, nicolae_twisting_strands, uniq_sonja,
          uniq_jorgrun
Temple:   compressed_dpeg_triangle_lava_temple
Lair:1:   layout_regular_city, nicolae_volcano_entry_hallway,
          patterned_corridor, lemuel_fruit_fields
Lair:2:   layout_regular_city
Lair:3:   layout_cave_shapes, skrybe_swamp_entry_bodies,
          infiniplex_staircase_pool_2, lemuel_fruit_tree
Lair:4:   layout_roguey, spider_nest_entry_webs, minmay_lindwurm_lava
Lair:5:   layout_regular_city, slime_altar_1, serial_bayou_shore_b
Lair:6:   gammafunk_lair_ancient_temple, layout_loops_ring,
          grunt_forest_large_clearing_hut
Orc:1:    layout_caves, mines1_david

Skill      XL: |  1  2  3  4  5  6  7  8  9 10 11 12 13 14 |
---------------+-------------------------------------------+-----
Spellcasting   | 5 6 7 8 9 10 | 10.7
Invocations    | 1 2 3 4 5 6 7 8 9 10 | 10.4
Short Blades   | 1 2 3 4 5 6 7 8 9 |  9.5
Long Blades    | 1 2 3 4 5 6 7 8 9 |  9.5
Axes           | 1 2 3 4 5 6 7 8 9 |  9.5
Maces & Flails | 1 2 3 4 5 6 7 8 9 |  9.5
Staves         | 1 2 3 4 5 6 7 8 9 |  9.5
Slings         | 1 2 3 4 5 6 7 8 9 |  9.5
Bows           | 1 2 3 4 5 6 7 8 9 |  9.5
Crossbows      | 1 2 3 4 5 6 7 8 9 |  9.5
Throwing       | 1 2 3 4 5 7 9 10 12 | 12.0
Stealth        | 1 2 3 4 5 6 7 8 9 |  9.5
Shields        | 1 2 3 4 5 6 7 8 9 |  9.5
Unarmed Combat | 1 2 3 4 5 6 7 8 9 |  9.5
Evocations     | 1 2 3 4 5 6 7 8 9 |  9.5
Conjurations   | 1 2 3 4 5 6 7 8 |  8.0
Hexes          | 1 2 3 4 5 6 7 8 |  8.0
Summonings     | 1 2 3 4 5 6 7 8 |  8.0
Necromancy     | 1 2 3 4 5 6 7 8 |  8.0
Translocations | 1 2 3 4 5 6 7 8 |  8.0
Transmutations | 1 2 3 4 5 6 7 8 |  8.0
Fire Magic     | 1 2 3 4 5 6 7 8 |  8.0
Ice Magic      | 1 2 3 4 5 6 7 8 |  8.0
Air Magic      | 1 2 3 4 5 6 7 8 |  8.0
Earth Magic    | 1 2 3 4 5 6 7 8 |  8.0
Poison Magic   | 1 2 3 4 5 6 7 8 |  8.0
Armour         | 3 4 5 6 7 8 9 |  9.9
Fighting       | 5 6 7 8 9 10 | 10.5
Polearms       | 5 6 7 8 9 10 | 10.5
Dodging        | 5 6 7 8 9 10 | 10.5
Charms         | 6 7 8 9 |  9.7

Action                   |  1- 3 |  4- 6 |  7- 9 | 10-12 | 13-15 || total
-------------------------+-------+-------+-------+-------+-------++-------
Melee: Spear             |   102 |   234 |   347 |       |       ||   683
       Bite              |     6 |    15 |    34 |    61 |    70 ||   186
       Punch             |     2 |     1 |     3 |    11 |    30 ||    47
       Trident           |       |       |     9 |   485 |       ||   494
       Demon trident     |       |       |       |   153 |   658 ||   811
 Cast: Infusion          |     1 |     1 |    13 |    17 |    13 ||    45
       Spectral Weapon   |     1 |    11 |    25 |    48 |    56 ||   141
       Regeneration      |     1 |     2 |     7 |    16 |    19 ||    45
       Shroud of Golubri |       |     1 |     3 |    12 |     9 ||    25
       Borgnjor's Vile C |       |       |       |       |     5 ||     5
  Use: Potion            |       |     3 |     1 |     3 |       ||     7
       Scroll            |       |       |     5 |    18 |    10 ||    33
 Stab: Sleeping          |     3 |       |     2 |    16 |    16 ||    37
       Distracted        |       |     1 |     1 |     4 |     7 ||    13
  Eat: Chunk             |     1 |     8 |    12 |    12 |    26 ||    59
       Ration            |       |       |       |     3 |     1 ||     4
Armor: Leather armour    |     5 |       |       |       |       ||     5
       Ring mail         |     7 |    68 |    83 |   209 |   195 ||   562
       Skin              |       |       |       |     7 |       ||     7
Dodge: Dodged            |    49 |   159 |   200 |   425 |   468 ||  1301
